 Dungeon Crawl Stone Soup version 0.27-a0-705-ga0013940fb (webtiles) character file.

Game seed: 16584354404064821135

184 dickylongcocking the Stinger (level 5, -3/37 HPs)
             Began as a Gnoll Venom Mage on Mar 23, 2021.
             Slain by Sigmund
             ... wielding a +2 scythe of flaming
              (9 damage)
             ... on level 3 of the Dungeon.
             The game lasted 00:02:17 (3535 turns).

dickylongcocking the Stinger (Gnoll Venom Mage)     Turns: 3535, Time: 00:02:18

Health: -3/37      AC:  9    Str:  5 (7)  XL:     5   Next: 63%
Magic:  9/12       EV: 10    Int: 14 (16) God:
Gold:   130        SH:  0    Dex: 10 (12) Spells: 10/14 levels left

rFire    + . .     SeeInvis .   f - +0 dagger (speed)
rCold    + . .     Faith    .   (no shield)
rNeg     . . .     Spirit   .   c - +0 ring mail
rPois    +         Reflect  .   (no helmet)
rElec    +         Harm     .   (no cloak)
rCorr    +         Rampage  .   (no gloves)
Will     .....                  (no boots)
Stlth    ++........             (no amulet)
HPRegen  0.12/turn              m - +4 ring of protection
MPRegen  0.13/turn              (no ring)

@: resistant, attractive, hasted, very quick
A: fangs 1, strong nose, distributed training
a: no special abilities


You were on level 3 of the Dungeon.
You visited 1 branch of the dungeon, and saw 3 of its levels.

You collected 130 gold pieces.

Inventory:

Hand Weapons
 b - a +0 dagger
 f - a +0 dagger of speed (weapon)
Armour
 a - a +0 robe
 c - a +0 ring mail (worn)
Jewellery
 m - a +4 ring of protection (right hand)
Scrolls
 e - 3 scrolls of identify {unknown}
 h - a scroll of enchant armour {unknown}
 j - a scroll of magic mapping {unknown}
 k - a scroll of silence {unknown}
 q - a scroll of teleportation {unknown}
Potions
 d - 3 potions of haste
 i - a potion of berserk rage {unknown}
 l - a potion of ambrosia {unknown}
 p - a potion of invisibility {unknown}


   Skills:
 + Level 1.6 Fighting
 + Level 1.6 Short Blades
 + Level 1.6 Long Blades
 + Level 1.6 Axes
 + Level 1.6 Maces & Flails
 + Level 1.6 Polearms
 + Level 1.6 Staves
 + Level 1.6 Slings
 + Level 1.6 Bows
 + Level 1.6 Crossbows
 + Level 1.6 Throwing
 + Level 1.6 Armour
 + Level 4.8 Dodging
 + Level 4.4 Stealth
 + Level 1.6 Shields
 + Level 1.6 Unarmed Combat
 + Level 5.2 Spellcasting
 + Level 1.2 Conjurations
 + Level 1.2 Hexes
 + Level 1.2 Summonings
 + Level 1.2 Necromancy
 + Level 1.2 Translocations
 + Level 2.4 Transmutations
 + Level 1.2 Fire Magic
 + Level 1.2 Ice Magic
 + Level 1.2 Air Magic
 + Level 1.2 Earth Magic
 + Level 5.5 Poison Magic
 + Level 1.8 Invocations
 + Level 1.6 Evocations


You had 10 spell levels left.
You knew the following spells:

 Your Spells              Type           Power      Damage    Failure   Level
a - Sting                 Tmut/Pois      56%        1d5       14%         1
i - Ignite Poison         Fire/Tmut/Pois 12%        N/A       54%         3

Your spell library contained the following spells:

 Spells                   Type           Power      Damage    Failure   Level
 Poisonous Vapours        Pois/Air       26%        N/A       28%         2
 Animate Skeleton         Necr           14%        N/A       41%         1
 Apportation              Tloc           14%        N/A       41%         1
 Corona                   Hex            7%         N/A       41%         1
 Summon Small Mammal      Summ           28%        N/A       41%         1
 Mephitic Cloud           Conj/Pois/Air  11%        N/A       58%         3
 Olgreb's Toxic Radiance  Pois           19%        N/A       61%         4
 Confusing Touch          Hex            7%         N/A       80%         3
 Gell's Gravitas          Tloc           3%         N/A       80%         3
 Petrify                  Tmut/Erth      8%         N/A       98%         4
 Metabolic Englaciation   Hex/Ice        3%         N/A       100%        5
 Yara's Violent Unravell  Hex/Tmut       4%         3d4       100%        5


Dungeon Overview and Level Annotations

Branches:
Dungeon (3/15)

Altars:

Annotations:
D:3 Sigmund


Innate Abilities, Weirdness & Mutations

You have very sharp teeth.
Your uncanny sense of smell can sniff out nearby items.
Your experience applies equally to all skills.


Message History

The sting hits the giant cockroach but does no damage.
The giant cockroach looks even sicker.
The giant cockroach is severely wounded.
You kill the giant cockroach!
Sigmund barely misses you.
Casting: Sting (safe; 10% risk of failure)
Confirm with . or Enter, or press ? or * to list all spells.
Aiming: Sting (safe; 10% risk of failure)
Press: ? - help, Shift-Dir - straight line, f/p - Sigmund
Aim: Sigmund, wielding a +2 scythe of flaming and wearing a +0 robe (29% to evade)
The sting hits Sigmund.
Sigmund is poisoned.
Sigmund is lightly wounded.
Sigmund points at himself and mumbles some strange words.
Sigmund flickers and vanishes!
Deactivating autopickup; reactivate with Ctrl-A.
Unknown command.
Casting: Sting (safe; 10% risk of failure)
Confirm with . or Enter, or press ? or * to list all spells.
You can't see any susceptible monsters within range! (Use Z to cast anyway.) Unknown command.
Casting: Sting (safe; 10% risk of failure)
Confirm with . or Enter, or press ? or * to list all spells.
You don't know that spell.
Unknown command.
It was a potion of haste.
You feel yourself speed up. Something hits you!
* * * LOW HITPOINT WARNING * * *
Something burns you.
* * * LOW HITPOINT WARNING * * *
Unknown command.
It was a potion of degeneration.
There was something very wrong with that liquid.
You feel weakened.
You feel dopey.
You feel clumsy. Something hits you but does no damage.
It was a potion of attraction.
You feel attractive to monsters. Something is pulled toward you!
It was a potion of resistance.
You feel protected. Something hits you!
You die...

####### ###.## #. #.
........##....# #. #.
........##....# #.#######.
........##....####.......#.
........##....##.......#.#†
.......................#.#.
.................>.....#.#.
.......................#...
........##@...#.###..#.###.
........####.##.#....#.....
#.......##........#......#.
#.......##.#.##.#.#.####.#.
##########.#....#.#........
#####......#.#.#......
######.......<.##.#........
#..........................
##.####.........#....#......


There were no monsters in sight!

Vanquished Creatures
  A sky beast (D:3)
  5 adders
  A dart slug (D:2)
  A giant cockroach (D:3)
  3 goblins
  6 hobgoblins
  3 oozes
  12 ball pythons
  3 bats
  3 frilled lizards
  5 kobolds
  5 rats
48 creatures vanquished.

Notes
Turn   | Place    | Note
-------+----------+-------------------------------------------
     0 | D:1      | dickylongcocking the Gnoll Venom Mage began the quest for
                  | the Orb.
     0 | D:1      | Reached XP level 1. HP: 13/13 MP: 6/6
   400 | D:1      | Reached XP level 2. HP: 13/19 MP: 3/7
  1242 | D:2      | Reached XP level 3. HP: 25/25 MP: 9/9
  1307 | D:2      | Reached skill level 5 in Spellcasting
  1456 | D:2      | Reached skill level 1 in Invocations
  1763 | D:2      | Reached skill level 1 in Fighting
  1763 | D:2      | Reached skill level 1 in Short Blades
  1763 | D:2      | Reached skill level 1 in Long Blades
  1763 | D:2      | Reached skill level 1 in Axes
  1763 | D:2      | Reached skill level 1 in Maces & Flails
  1763 | D:2      | Reached skill level 1 in Polearms
  1763 | D:2      | Reached skill level 1 in Staves
  1763 | D:2      | Reached skill level 1 in Slings
  1763 | D:2      | Reached skill level 1 in Bows
  1763 | D:2      | Reached skill level 1 in Crossbows
  1763 | D:2      | Reached skill level 1 in Throwing
  1763 | D:2      | Reached skill level 1 in Armour
  1763 | D:2      | Reached skill level 1 in Shields
  1763 | D:2      | Reached skill level 1 in Unarmed Combat
  1763 | D:2      | Reached skill level 1 in Evocations
  2322 | D:2      | Reached XP level 4. HP: 32/32 MP: 11/11
  2931 | D:3      | Reached skill level 1 in Conjurations
  2931 | D:3      | Reached skill level 1 in Hexes
  2931 | D:3      | Reached skill level 1 in Summonings
  2931 | D:3      | Reached skill level 1 in Necromancy
  2931 | D:3      | Reached skill level 1 in Translocations
  2931 | D:3      | Reached skill level 1 in Fire Magic
  2931 | D:3      | Reached skill level 1 in Ice Magic
  2931 | D:3      | Reached skill level 1 in Air Magic
  2931 | D:3      | Reached skill level 1 in Earth Magic
  3151 | D:3      | Noticed a sky beast
  3165 | D:3      | Killed a sky beast
  3166 | D:3      | Reached XP level 5. HP: 18/37 MP: 2/12
  3170 | D:3      | Learned a level 3 spell: Ignite Poison
  3522 | D:3      | Noticed Sigmund
  3535 | D:3      | Slain by Sigmund

Illustrated notes

Levels and vault maps discovered:
D:1:      psy_arrival_terrarium, layout_rooms
D:2:      layout_loops_corners, minmay_misc_feat_nine_boxes
D:3:      layout_basic, uniq_sigmund

Skill      XL: |  1  2  3  4 |
---------------+-------------+-----
Transmutations | 2 |  2.4
Spellcasting   | 5 |  5.2
Invocations    | 1 |  1.8
Fighting       | 1 |  1.6
Short Blades   | 1 |  1.6
Long Blades    | 1 |  1.6
Axes           | 1 |  1.6
Maces & Flails | 1 |  1.6
Polearms       | 1 |  1.6
Staves         | 1 |  1.6
Slings         | 1 |  1.6
Bows           | 1 |  1.6
Crossbows      | 1 |  1.6
Throwing       | 1 |  1.6
Armour         | 1 |  1.6
Shields        | 1 |  1.6
Unarmed Combat | 1 |  1.6
Evocations     | 1 |  1.6
Conjurations   | 1 |  1.2
Hexes          | 1 |  1.2
Summonings     | 1 |  1.2
Necromancy     | 1 |  1.2
Translocations | 1 |  1.2
Fire Magic     | 1 |  1.2
Ice Magic      | 1 |  1.2
Air Magic      | 1 |  1.2
Earth Magic    | 1 |  1.2
Dodging        | |  4.8
Stealth        | |  4.4
Poison Magic   | |  5.5

Action                   |  1- 3 |  4- 6 || total
-------------------------+-------+-------++-------
Melee: Dagger            |   132 |    63 ||   195
       Unarmed           |     2 |       ||     2
       Bite              |     6 |     3 ||     9
       Punch             |       |     1 ||     1
 Cast: Sting             |    34 |    16 ||    50
  Use: Potion            |       |     4 ||     4
 Stab: Sleeping          |     3 |       ||     3
Armor: Ring mail         |    63 |    32 ||    95
Dodge: Dodged            |    97 |    38 ||   135

Table legend: (Time is in decaauts)
 A = Elapsed time spent in this place.
 B = Non-inter-level travel time spent in this place.
 C = Inter-level travel time spent in this place.
 D = Time resting spent in this place.
 E = Time spent auto-exploring this place.
 F = Levels seen in this place.
 G = Mean time per level.
                   A        B        C        D        E       F      G
               +--------+--------+--------+--------+--------+-----+--------+
         Total |   3470 |   3436 |     34 |    147 |   2854 |   3 | 1156.7 |
       Dungeon |   3470 |   3436 |     34 |    147 |   2854 |   3 | 1156.7 |
               +--------+--------+--------+--------+--------+-----+--------+

Top non-repeatable levels by time:
     D:2: 1418 daAuts
     D:1: 1217 daAuts
     D:3: 834 daAuts
